 Dungeon Crawl Stone Soup version 0.31-a0-1206-g41278d8d1d (webtiles) character file.

Game seed: 853495961662777842

10 MachoJfn the Chiller (level 2, 19/19 HPs)
             Began as a Demonspawn Ice Elementalist on Dec 13, 2023.
             Quit the game on level 1 of the Dungeon.
             The game lasted 00:01:08 (279 turns).

MachoJfn the Chiller (Demonspawn Ice Elementalist)   Turns: 279, Time: 00:01:09

Health: 19/19      AC:  2    Str:  8    XL:     2   Next: 10%
Magic:  5/5        EV: 12    Int: 15    God:
Gold:   14         SH:  0    Dex: 13    Spells: 4/5 levels left

rFire   . . .        (no weapon)
rCold   . . .        (no shield)
rNeg    . . .        a - +0 robe
rPois   .            (no helmet)
rElec   .            (no cloak)
rCorr   .            (no gloves)
SInv    .            (no boots)
Will    .....        (no amulet)
Stlth   ++           (no ring)
HPRegen 0.23/turn    (no ring)
MPRegen 0.09/turn

%: no passive effects
@: no status effects
A: claws 1
a: no special abilities


You were on level 1 of the Dungeon.
You visited 1 branch of the dungeon, and saw 1 of its levels.

You collected 14 gold pieces.

Inventory:

Armour
 a - a +0 robe (worn)
Jewellery
 c - an amulet of regeneration
Potions
 b - a potion of magic


   Skills:
 + Level 1.9 Dodging
 + Level 1.8 Stealth
 + Level 2.0 Spellcasting
 + Level 4.0 Ice Magic


You had 4 spell levels left.
You knew the following spells:

 Your Spells              Type           Power      Damage    Failure   Level
a - Freeze                Ice            52%        1d6       4%          1

Your spell library contained the following spells:

 Spells                   Type           Power      Damage    Failure   Level
 Frozen Ramparts          Ice            26%        1d4       13%         3
 Ozocubu's Armour         Ice            13%        N/A       13%         3
 Summon Ice Beast         Ice/Summ       7%         N/A       67%         4


Dungeon Overview and Level Annotations

Branches:
Dungeon (1/15)

Altars:


Innate Abilities, Weirdness & Mutations

You have sharp fingernails.


Message History

Confirm with . or Enter, or press ? or * to list all spells.
You don't have enough magic to cast this spell.
You barely miss the jackal.
The jackal is severely wounded.
The jackal barely misses you.
The jackal bites you but does no damage.
The bat closely misses you. The jackal closely misses you. x2
You hit the jackal but do no damage. You punch the jackal.
You kill the jackal!
The bat closely misses you. The jackal misses you.
You have reached level 2!
Your demonic ancestry asserts itself...
Your fingernails lengthen.
You scratch the jackal.
You kill the jackal!
The bat hits you but does no damage.
You closely miss the bat. The bat barely misses you. x2
The bat hits you but does no damage.
You see here a jackal corpse.
Casting: Freeze (safe; 4% risk of failure)
Confirm with . or Enter, or press ? or * to list all spells.
Aiming: Freeze (safe; 4% risk of failure)
Press: ? - help, Shift-Dir - straight line, f - you
Okay, then.
The bat closely misses you.
Casting: Freeze (safe; 4% risk of failure)
Confirm with . or Enter, or press ? or * to list all spells.
Aiming: Freeze (safe; 4% risk of failure)
Press: ? - help, Shift-Dir - straight line, f - bat
Aim: a bat You freeze the bat.
You kill the bat!
Your Ice Magic skill increases to level 4!
You see here a jackal corpse.
You start resting.
HP restored.
c - an amulet of regeneration You start resting.
Magic restored.
Are you sure you want to abandon this character and quit the game? (Confirm with "yes".)

..# #.#### # ####....
#.##.....# #.#...#.#
#...@...#
#.......########
#.....†........###
#....†...........#
##.....#######.#.#
##...########†#.####
.....................
............######)##.#
.###....... #.##.#


There were no monsters in sight!

Vanquished Creatures
  2 hobgoblins (D:1)
  2 jackals (D:1)
  2 ball pythons (D:1)
  A bat (D:1)
  2 kobolds (D:1)
9 creatures vanquished.

Notes
Turn   | Place    | Note
-------+----------+-------------------------------------------
     0 | D:1      | MachoJfn the Demonspawn Ice Elementalist began the quest
                  | for the Orb.
     0 | D:1      | Reached XP level 1. HP: 13/13 MP: 3/3
   220 | D:1      | Gained mutation: You have sharp fingernails. [demonic
                  | ancestry]
   220 | D:1      | Reached XP level 2. HP: 16/19 MP: 0/5
   225 | D:1      | Reached skill level 4 in Ice Magic
   279 | D:1      | Quit the game

Illustrated notes

Levels and vault maps discovered:
D:1:      lightli_arrival_maybe_door_vault, layout_loops_ring

Skill      XL: |  1  2 |
---------------+-------+-----
Ice Magic      | 4 |  4.0
Dodging        | |  1.9
Stealth        | |  1.8
Spellcasting   | |  2.0

Action                     || total
---------------------------++-------
  Melee: Unarmed           ||    10
         Punch             ||     1
   Cast: Freeze            ||     9
 Armour: Robe              ||    14
  Dodge: Dodged            ||    28

Table legend: (Time is in decaauts)
 A = Elapsed time spent in this place.
 B = Non-inter-level travel time spent in this place.
 C = Inter-level travel time spent in this place.
 D = Time resting spent in this place.
 E = Time spent auto-exploring this place.
 F = Levels seen in this place.
 G = Mean time per level.
                   A        B        C        D        E       F      G
               +--------+--------+--------+--------+--------+-----+--------+
         Total |    279 |    279 |      0 |    117 |     70 |   1 |  279.0 |
       Dungeon |    279 |    279 |      0 |    117 |     70 |   1 |  279.0 |
               +--------+--------+--------+--------+--------+-----+--------+

Top non-repeatable levels by time:
     D:1: 279 daAuts
